 Dungeon Crawl Stone Soup version 0.23.0-3-gf3c87f2 (webtiles) character file.

Game seed: 12197039813735325231

660 vladvlad the Caller (level 7, 0/50 HPs)
             Began as a Purple Draconian Summoner on Feb 22, 2019.
             Slain by a two-headed ogre
             ... wielding a +0 giant club
              (11 damage)
             ... on level 6 of the Dungeon on Feb 23, 2019.
             The game lasted 01:43:04 (5355 turns).

vladvlad the Caller (Purple Draconian Summoner)     Turns: 5355, Time: 01:43:06

Health: 0/50       AC:  8    Str: 10    XL:     7   Next: 30%
Magic:  3/16       EV: 13    Int: 18    God:
Gold:   412        SH:  0    Dex: 11    Spells: 10/19 levels left

rFire    . . .     SeeInvis .   i - +0 spear
rCold    . . .     Gourm    .   (no shield)
rNeg     . . .     Faith    .   (armour unavailable)
rPois    .         Spirit   .   (helmet restricted)
rElec    .         Reflect  .   (no cloak)
rCorr    .         Harm     .   u - +0 pair of gloves
MR       ++...                  g - +0 pair of boots
Stlth    ++........             (no amulet)
HPRegen  0.16/turn              o - +1 ring of evasion
MPRegen  0.15/turn              s - ring of protection from magic

@: very slightly contaminated
A: breathe power, unfitting armour, cold-blooded, AC +6
a: Breathe Dispelling Energy


You were on level 6 of the Dungeon.
You were not hungry.

You visited 1 branch of the dungeon, and saw 6 of its levels.

You collected 412 gold pieces.

Inventory:

Hand Weapons
 i - a +0 spear (weapon)
Armour
 g - a +0 pair of boots (worn)
 r - a +0 large shield
 u - a +0 pair of gloves (worn)
Jewellery
 c - an uncursed ring of fire
 o - a +1 ring of evasion (left hand)
 s - a ring of protection from magic (right hand)
 w - a +2 ring of intelligence {unknown}
 y - an uncursed amulet of the acrobat {unknown}
Scrolls
 a - 2 scrolls of teleportation
 d - a scroll of random uselessness
 f - 2 scrolls of identify
 h - a scroll of immolation {unknown}
 j - a scroll of amnesia {unknown}
 l - a scroll of remove curse
 n - 2 scrolls of magic mapping
 q - a scroll of enchant weapon {unknown}
 t - 2 scrolls of blinking {unknown}
Potions
 e - a potion of curing
 k - a potion of ambrosia
 m - a potion of mutation
 p - a potion of resistance {unknown}
 v - 2 potions of haste {unknown}
 x - a potion of heal wounds {unknown}
Comestibles
 b - 7 rations


   Skills:
 - Level 1.7 Dodging
 - Level 1.7 Stealth
 + Level 6.6 Spellcasting
 + Level 6.9 Summonings


You had 10 spell levels left.
You knew the following spells:

 Your Spells              Type           Power        Failure   Level  Hunger
a - Summon Small Mammal   Summ           ####         1%          1    None
b - Call Imp              Summ           ####....     1%          2    None
c - Call Canine Familiar  Summ           ####....     1%          3    ##.....
d - Summon Guardian Gole  Hex/Summ       ###.....     9%          3    ##.....

Your spell library contained the following spells:

 Spells                   Type           Power        Failure   Level  Hunger
 Summon Ice Beast         Ice/Summ       ###.....     26%         4    ####...
 Summon Lightning Spire   Summ/Air       ###.....     26%         4    ####...


Dungeon Overview and Level Annotations

Branches:
Dungeon (6/15)
 Temple: D:4-7

Altars:
Elyvilon
Gozag
Trog

Shops:
D:6 !?

Annotations:
D:3 1 runed translucent door, exclusions: door and 1 more exclusion, Crazy Yiuf
D:5 3 runed translucent doors, exclusion: 3 doors, Uhlv's ghost, novice VSAK


Innate Abilities, Weirdness & Mutations

You can breathe bolts of dispelling energy.
Your rich purple scales are hard. (AC +6)
You cannot fit into any form of body armour.
You are cold-blooded and may be slowed by cold attacks.


Message History

Your hound's corpse disappears in a puff of smoke!
Your crimson imp blinks!
The two-headed ogre shouts in stereo!
Casting: Call Canine Familiar (safe; 1% risk of failure)
Confirm with . or Enter, or press ? or * to list all spells.
Okay, then.
You see here 3 arrows.
The two-headed ogre hits you with a +0 giant club!!
The two-headed ogre hits you with a +0 giant club!
The two-headed ogre closely misses you.
The two-headed ogre hits you with a +0 giant club!!
* * * LOW HITPOINT WARNING * * *
You feel better.
Casting: Call Canine Familiar (safe; 1% risk of failure)
Confirm with . or Enter, or press ? or * to list all spells.
You miscast Summon Guardian Golem.
You are very lightly contaminated with residual magic.
Your head hurts.
The two-headed ogre misses you.
The two-headed ogre hits you with a +0 giant club!
You die...

.......######.).#
##.######.#
.............(#(####.# '
.......#........#....#
#.........#.#####.####
..((...(###.# #.# ##
######(.##..# #.# O..
#.###.## #.# .... ###.##..#
###.# ..... #...##.##
##O@.####......
###.###..####..#...........
##.......(........####......
...#...........#### ..../
...#.........### ....
####.........# ...
#.....(...# ## #...<.<...#
###########


You could see a two-headed ogre.

Vanquished Creatures
  A crimson imp (D:6)
  An orc wizard (D:4)
  An iguana (D:6)
  4 adders
  3 gnolls
  2 worms (D:3)
  A dart slug (D:2)
  A leopard gecko (D:3)
  2 goblins
  A hobgoblin (D:3)
  A jackal (D:2)
  A ball python (D:3)
  4 bats
  A rat (D:3)
24 creatures vanquished.

Vanquished Creatures (collateral kills)
  An ice beast (D:6)
  A sky beast (D:5)
  2 ogres
  A centaur (D:6)
  2 scorpions (D:5)
  A howler monkey (D:6)
  A crimson imp (D:5)
  A jelly (D:5)
  2 orc priests
  An orc wizard (D:3)
  A worker ant zombie (D:6)
  7 gnolls
  6 adders
  A shadow imp (D:5)
  3 worms
  2 leopard geckos
  10 orcs
  2 giant cockroaches
  8 goblins
  11 hobgoblins
  11 jackals
  A kobold (D:3)
  4 ball pythons
  A ball python skeleton (D:4)
  5 frilled lizards
  A quokka zombie (D:5)
  5 rats
92 creatures vanquished.

Vanquished Creatures (others)
  A wizard (D:5)
1 creature vanquished.

Grand Total: 117 creatures vanquished

Notes
Turn   | Place    | Note
-------+----------+-------------------------------------------
     0 | D:1      | vladvlad the Draconian Summoner began the quest for the
                  | Orb.
     0 | D:1      | Reached XP level 1. HP: 14/14 MP: 3/3
   761 | D:2      | Reached XP level 2. HP: 20/20 MP: 0/5
   765 | D:2      | Learned a level 2 spell: Call Imp
  1040 | D:2      | Reached XP level 3. HP: 26/26 MP: 4/7
  1385 | D:2      | Learned a level 3 spell: Call Canine Familiar
  1778 | D:3      | Reached XP level 4. HP: 32/33 MP: 8/8
  1788 | D:3      | Reached skill level 5 in Summonings
  2063 | D:3      | Found an opulent altar of Gozag.
  2150 | D:3      | Found a runed translucent door.
  2151 | D:3      | Noticed Crazy Yiuf
  2407 | D:3      | Reached XP level 5. HP: 38/38 MP: 4/10
  2433 | D:3      | Found a white marble altar of Elyvilon.
  2738 | D:4      | Noticed an ogre
  2758 | D:4      | Killed an ogre
  3364 | D:5      | Entered Level 5 of the Dungeon
  3406 | D:5      | Noticed a sky beast
  3412 | D:5      | Reached XP level 6. HP: 45/45 MP: 8/12
  3443 | D:5      | Killed a sky beast
  3596 | D:5      | Found a runed translucent gate.
  3596 | D:5      | Found a runed translucent gate.
  3596 | D:5      | Found a runed translucent gate.
  3597 | D:5      | Noticed Uhlv's ghost (novice VSAK)
  4025 | D:5      | Found a bloodstained altar of Trog.
  4050 | D:5      | Noticed a wizard
  4055 | D:5      | Killed a wizard
  4175 | D:6      | Noticed a two-headed ogre
  4310 | D:6      | Reached skill level 5 in Spellcasting
  4526 | D:5      | Your scales start taking on a rich purple colour.
  4526 | D:5      | Reached XP level 7. HP: 50/50 MP: 6/16
  4645 | D:6      | Found Yfroam's Magic Scroll Shop.
  5199 | D:6      | Found Nuxteps's Distillery.
  5298 | D:6      | Learned a level 3 spell: Summon Guardian Golem
  5353 | D:6      | HP: 1/50 [two-headed ogre/+0 giant club (18)]
  5355 | D:6      | Slain by a two-headed ogre

Skill      XL: |  1  2  3  4  5  6 |
---------------+-------------------+-----
Spellcasting   | 3 4 6 |  6.6
Summonings     | 5 6 |  6.9
Dodging        | |  1.7
Stealth        | |  1.7

Action                   |  1- 3 |  4- 6 |  7- 9 || total
-------------------------+-------+-------+-------++-------
Melee: Unarmed           |    32 |       |       ||    32
       Tailslap          |     3 |     2 |       ||     5
       Spear             |    40 |   161 |    24 ||   225
 Cast: Summon Small Mamm |    18 |       |       ||    18
       Call Imp          |    14 |    29 |     7 ||    50
       Call Canine Famil |     4 |    27 |    15 ||    46
       Summon Guardian G |       |       |     1 ||     1
  Use: Scroll            |     1 |     6 |       ||     7
       Potion            |       |       |     1 ||     1
 Stab: Distracted        |       |     3 |       ||     3
       Sleeping          |       |     1 |       ||     1
  Eat: Chunk             |     4 |    12 |     1 ||    17
       Ration            |       |       |     1 ||     1
Armor: Skin              |    18 |    19 |     5 ||    42
Dodge: Dodged            |    48 |    51 |    20 ||   119
